 Dungeon Crawl Stone Soup version 0.23.0 (webtiles) character file.

Game seed: 11849435702854606151

32243 night the Grappler (level 13, -14/96 HPs)
             Began as a Demonspawn Gladiator on Feb 10, 2019.
             Was a High Priest of Makhleb.
             Demolished by Erolcha
             ... wielding a +0 giant club
              (15 damage)
             ... on level 2 of the Orcish Mines.
             The game lasted 01:03:12 (19765 turns).

night the Grappler (Demonspawn Gladiator)          Turns: 19765, Time: 01:03:13

Health: -14/96     AC: 18    Str: 21    XL:     13   Next: 30%
Magic:  22/22      EV:  8    Int: 12    God:    Makhleb [*****.]
Gold:   1572       SH: 16    Dex: 14    Spells: 12/12 levels left

rFire    . . .     SeeInvis .     - Unarmed
rCold    . . .     Gourm    .   m - +0 large shield
rNeg     . . .     Faith    +   v - +2 scale mail {MR+}
rPois    .         Spirit   .   U - +0 helmet
rElec    .         Reflect  .   j - +0 cloak
rCorr    .         Harm     .   x - +1 pair of gloves
MR       +....                  V - +0 pair of boots
Stlth    +.........             D - amulet of faith
HPRegen  0.26/turn              e - +5 ring of protection
MPRegen  0.18/turn              J - +3 ring of strength

@: lightly drained
A: hooves 2, nightstalker 1, spiny 2
a: Minor Destruction, Lesser Servant of Makhleb, Major Destruction, Greater
Servant of Makhleb, Renounce Religion


You were on level 2 of the Orcish Mines.
You worshipped Makhleb.
Makhleb was extremely pleased with you.
You were not hungry.

You visited 4 branches of the dungeon, and saw 18 of its levels.

You collected 1572 gold pieces.

Inventory:

Hand Weapons
 b - a +0 fustibalus
Missiles
 c - 3 throwing nets (quivered)
 f - 495 stones
 g - 129 sling bullets
 y - 25 tomahawks
 B - 3 needles of sleeping
 H - 31 poisoned needles
Armour
 j - a +0 cloak (worn)
 m - a +0 large shield (worn)
 v - a +2 scale mail of magic resistance (worn)
 x - a +1 pair of gloves (worn)
 U - a +0 helmet (worn)
 V - a +0 pair of boots (worn)
Jewellery
 e - a +5 ring of protection (left hand)
 n - an uncursed ring of protection from magic
 p - an uncursed ring of see invisible
 A - a +3 ring of protection
 D - an amulet of faith (around neck)
 J - a +3 ring of strength (right hand)
 M - an uncursed amulet of the gourmand
 P - an uncursed ring of positive energy
 S - the ring "Souwk" {rF++ MP+9}
   (You found it on level 10 of the Dungeon)

   [ring of magical power]

   It greatly protects you from fire.
   It affects your magic capacity (+9).
 Y - an uncursed ring of resist corrosion
Wands
 a - a wand of iceblast (8)
 i - a wand of flame (38)
 C - a wand of acid (9)
 K - a wand of disintegration (52)
 L - a wand of scattershot (4)
 T - a wand of digging (3)
Scrolls
 l - 4 scrolls of enchant weapon
 o - a scroll of fear
 q - 4 scrolls of identify
 r - 7 scrolls of remove curse
 u - 5 scrolls of teleportation
 G - a scroll of blinking
 I - a scroll of enchant armour
 O - a scroll of magic mapping
 W - a scroll of fog
Potions
 h - a potion of invisibility
 k - a potion of haste
 s - 2 potions of might
 t - a potion of flight
 w - 3 potions of magic
 z - 2 potions of mutation
 E - 3 potions of agility
 F - a potion of lignification
 N - a potion of berserk rage
 Q - 4 potions of curing
 R - 3 potions of brilliance
 X - 2 potions of resistance
Comestibles
 d - 31 rations
 Z - 10 chunks of flesh


   Skills:
 + Level 7.1(7.0) Fighting
 + Level 5.6 Slings
 - Level 1.7(3.8) Throwing
 - Level 2.2(2.1) Armour
 - Level 3.6(3.4) Dodging
 + Level 8.4(8.2) Shields
 * Level 14.4(14.2) Unarmed Combat
 + Level 12.0(11.8) Invocations


You had 12 spell levels left.
You didn't know any spells.
Your spell library contained the following spells:

 Spells                   Type           Power        Failure   Level  Hunger
 Corona                   Hex            #......      100%        1    ##.....
 Freeze                   Ice            #...         100%        1    ##.....
 Infusion                 Chrm           #...         100%        1    ##.....
 Sandblast                Erth           #.....       100%        1    ##.....
 Passwall                 Tmut/Erth      #.......     100%        2    ###....
 Shroud of Golubria       Chrm/Tloc      #.........   100%        2    ###....
 Slow                     Hex            #.......     100%        2    ###....
 Song of Slaying          Chrm           #.......     100%        2    ###....
 Throw Frost              Conj/Ice       #.....       100%        2    ###....
 Inner Flame              Hex/Fire       #.......     100%        3    ####...
 Ozocubu's Armour         Chrm/Ice       #.......     100%        3    ####...
 Portal Projectile        Hex/Tloc       #.....       100%        3    ####...
 Regeneration             Chrm/Necr      #.........   100%        3    ####...
 Spectral Weapon          Hex/Chrm       #.......     100%        3    ####...
 Stone Arrow              Conj/Erth      #.....       100%        3    ####...
 Cause Fear               Hex            #.........   100%        4    #####..
 Fulminant Prism          Conj/Hex       #.........   100%        4    #####..
 Leda's Liquefaction      Hex/Erth       #.........   100%        4    #####..
 Petrify                  Tmut/Erth      #.......     100%        4    #####..
 Summon Ice Beast         Ice/Summ       #.......     100%        4    #####..
 Throw Icicle             Conj/Ice       #.......     100%        4    #####..
 Lee's Rapid Deconstruct  Erth           #.........   100%        5    ######.
 Silence                  Hex/Air        #.........   100%        5    ######.
 Disjunction              Tloc           #.........   100%        8    #######


Dungeon Overview and Level Annotations

Branches:
Dungeon (12/15)            Temple (1/1) D:6            Lair (3/6) D:9
 Shoals (0/4) Lair:2          Orc (2/2) D:9
  Snake: Lair:2-4    Spider: Lair:2-4       Elf: Orc:2

Altars:
Ashenzari
Cheibriados
Dithmenos
Elyvilon
Fedhas
Gozag
Hepliaklqana
Kikubaaqudgha
Makhleb
Nemelex Xobeh
Okawaru
Qazlal
Sif Muna
Trog
Uskayaw
Vehumet
Wu Jian
Xom
Yredelemnul
Zin
The Shining One

Shops:
D:6 }=*   Orc:2 !

Annotations:
D:10 2 transporters, Curus's ghost, novice MiMo
Lair:2 2 exclusions
Orc:2 Erolcha


Innate Abilities, Weirdness & Mutations

You have hoof-like feet.
You are slightly more attuned to the shadows.
You are mostly covered in sharp spines.


Message History

Erolcha casts a spell at you. The crystal spear hits you!
You hit Erolcha.
Erolcha is severely wounded.
Erolcha gestures at you while chanting. The bolt of cold hits you!!
You are too injured to fight recklessly!
You hit Erolcha.
Erolcha is almost dead.
Erolcha casts a spell.
Erolcha seems to speed up.
You hit Erolcha.
Erolcha is almost dead.
Erolcha casts a spell at you. The crystal spear hits you!!!
* * * LOW HITPOINT WARNING * * *
Your shield and scale mail prevent you from hitting Erolcha.
Erolcha is almost dead.
Erolcha is struck by your spines. Erolcha hits you with a +0 giant club!
You die...

#......#........#.##
####...............#
##.#..#......#.#.##
#............#.###
##.#..[...#.#...###
#...#......###.##.##
###..##....###..#...#
.#.....#....#....#..###
........#....#..@)....#
.......#....##)..O.....
.....#.................
.........).............
.................$.....
..............#.....##.
.....................
................
................


You could see Erolcha.

Vanquished Creatures
  Rupert (Orc:2)
  Gastronok (Lair:2)
  2 hydras (Lair:1)
  3 two-headed ogres
  An orc high priest (Orc:2)
  2 death yaks (Lair:3)
  2 unseen horrors (D:10)
  2 ugly things
  2 orc sorcerers (Orc:1)
  2 cyclopes
  A merfolk siren (Lair:2)
  6 spiny frogs
  A rime drake (Lair:3)
  A tengu conjurer (D:12)
  4 komodo dragons
  4 trolls
  3 slime creatures (D:12)
  A meliai zombie (D:12)
  9 hippogriffs
  20 yaks
  A hungry ghost (D:12)
  2 wyverns
  2 basilisks (D:9)
  Edmund (D:6)
  3 wargs
  5 water moccasins
  2 porcupines
  Duvessa (D:7)
  A swamp drake (D:9)
  15 orc warriors
  6 ice beasts
  11 ogres
  2 black bears
  A necrophage (D:10)
  7 centaurs
  4 crocodiles
  A big kobold (D:8)
  11 bullfrogs
  Dowan (D:7)
  A wyvern skeleton (D:11)
  A scorpion (D:10)
  4 killer bees (D:8)
  2 howler monkeys (D:7)
  A bullfrog zombie (D:12)
  4 crimson imps
  2 centaur zombies
  4 hounds
  2 gnoll shamans
  15 orc priests
  A jelly (D:10)
  19 orc wizards
  2 centaur skeletons
  An iron imp (D:9)
  Terence (D:2)
  4 iguanas
  4 worker ants
  2 killer bee zombies (D:5)
  A hound skeleton (D:4)
  Robin (D:2)
  7 gnolls
  16 adders
  A shadow imp (D:10)
  2 oozes
  An adder skeleton (D:3)
  5 worms
  5 dart slugs
  8 leopard geckos
  75 orcs
  13 bats
  8 giant cockroaches
  24 goblins
  11 hobgoblins
  6 jackals
  3 quokkas
  A ball python (D:3)
  11 frilled lizards
  A jackal skeleton (D:6)
  6 kobolds
  A quokka skeleton (D:9)
  8 rats
430 creatures vanquished.

Vanquished Creatures (collateral kills)
  A hydra (Lair:3)
  A merfolk (Lair:2)
  2 slime creatures (D:12)
  A yak (Lair:3)
  A black bear (Lair:3)
6 creatures vanquished.

Vanquished Creatures (others)
  3 fungi
  31 plants
34 creatures vanquished.

Grand Total: 470 creatures vanquished

Notes
Turn   | Place    | Note
-------+----------+-------------------------------------------
     0 | D:1      | night the Demonspawn Gladiator began the quest for the Orb.
     0 | D:1      | Reached XP level 1. HP: 16/16 MP: 1/1
   133 | D:1      | Reached skill level 3 in Unarmed Combat
   208 | D:1      | Gained mutation: You are slightly more attuned to the
                  | shadows. [demonic ancestry]
   208 | D:1      | Reached XP level 2. HP: 22/22 MP: 2/2
   719 | D:1      | Gained mutation: You are partially covered in sharp spines.
                  | [demonic ancestry]
   719 | D:1      | Reached XP level 3. HP: 24/27 MP: 3/3
  1153 | D:2      | Reached skill level 4 in Unarmed Combat
  1438 | D:2      | Found a hazy altar of Hepliaklqana.
  1509 | D:2      | Noticed Robin
  1517 | D:2      | Reached XP level 4. HP: 26/33 MP: 4/4
  1587 | D:2      | Killed Robin
  1830 | D:2      | Noticed Terence
  1841 | D:2      | Killed Terence
  1841 | D:2      | Reached skill level 5 in Unarmed Combat
  1873 | D:2      | Found an ornate altar of the Wu Jian Council.
  1971 | D:2      | Found a bloodstained altar of Trog.
  2001 | D:2      | Reached XP level 5. HP: 38/38 MP: 5/5
  2435 | D:3      | Found a burning altar of Makhleb.
  2442 | D:3      | Became a worshipper of Makhleb the Destroyer
  2943 | D:3      | Reached skill level 1 in Invocations
  3387 | D:4      | Found a shadowy altar of Dithmenos.
  3436 | D:4      | Reached * piety under Makhleb
  3436 | D:4      | Reached skill level 6 in Unarmed Combat
  3436 | D:4      | Gained mutation: You have large cloven feet. [demonic
                  | ancestry]
  3436 | D:4      | Reached XP level 6. HP: 28/44 MP: 7/7
  3677 | D:4      | Found an opulent altar of Gozag.
  4237 | D:5      | Entered Level 5 of the Dungeon
  4389 | D:5      | Gained mutation: You are mostly covered in sharp spines.
                  | [demonic ancestry]
  4389 | D:5      | Reached XP level 7. HP: 50/50 MP: 9/9
  4601 | D:5      | Reached skill level 7 in Unarmed Combat
  4628 | D:5      | Found a glowing golden altar of the Shining One.
  5280 | D:6      | Found an iron altar of Okawaru.
  5329 | D:6      | Reached ** piety under Makhleb
  5335 | D:6      | Reached skill level 5 in Invocations
  5336 | D:6      | Found Jair Foi's Mass Market.
  5534 | D:6      | Reached skill level 8 in Unarmed Combat
  5534 | D:6      | Reached XP level 8. HP: 39/56 MP: 10/12
  5650 | D:6      | Found Xifekk's Gadget Emporium.
  5748 | D:6      | HP: 1/56 [acid (9)]
  5947 | D:6      | Found a staircase to the Ecumenical Temple.
  5955 | Temple   | Entered the Ecumenical Temple
  6076 | D:6      | Noticed Edmund
  6087 | D:6      | Killed Edmund
  6101 | D:6      | Found Agethuy's Jewellery Shoppe.
  6141 | D:6      | Reached skill level 9 in Unarmed Combat
  6146 | D:6      | Found an ancient bone altar of Kikubaaqudgha.
  6269 | D:6      | Found a white marble altar of Elyvilon.
  6468 | D:7      | Reached skill level 1 in Shields
  6472 | D:7      | Noticed Duvessa
  6475 | D:7      | Noticed Dowan
  6487 | D:7      | Killed Duvessa
  6498 | D:7      | Killed Dowan
  6746 | D:7      | Reached XP level 9. HP: 45/61 MP: 14/14
  7685 | D:7      | Found a blossoming altar of Fedhas.
  7869 | D:8      | Reached skill level 10 in Unarmed Combat
  7882 | D:8      | Reached *** piety under Makhleb
  8733 | D:9      | Found a staircase to the Orcish Mines.
  8960 | D:9      | Reached **** piety under Makhleb
  8961 | D:9      | You fall through a shaft for 3 floors!
  8966 | D:12     | Noticed a two-headed ogre
  8977 | D:12     | Killed a two-headed ogre
  8977 | D:12     | Reached skill level 11 in Unarmed Combat
  8977 | D:12     | Reached XP level 10. HP: 56/67 MP: 15/17
  9306 | D:12     | Reached skill level 10 in Invocations
  9547 | D:12     | Reached skill level 5 in Shields
  9623 | D:12     | Noticed a two-headed ogre
  9635 | D:12     | Killed a two-headed ogre
  9885 | D:12     | Noticed a purple ugly thing
  9898 | D:12     | Killed a purple ugly thing
  9898 | D:12     | Reached skill level 12 in Unarmed Combat
  9957 | D:10     | Entered Level 10 of the Dungeon
  9967 | D:10     | Reached skill level 1 in Armour
  9992 | D:10     | Killed an unseen horror
  9992 | D:10     | Reached XP level 11. HP: 64/74 MP: 18/18
 10058 | D:10     | Got a smoking bone ring
 10069 | D:10     | Identified the Incunabulum of the Bewitching Compass
 10207 | D:10     | Found a transporter.
 10244 | D:10     | Found a transporter.
 10249 | D:10     | Found a bloodstained altar of Trog.
 10261 | D:10     | Noticed Curus's ghost (novice MiMo)
 10297 | D:10     | Killed an unseen horror
 10443 | D:10     | Reached ***** piety under Makhleb
 11053 | D:11     | Reached skill level 1 in Slings
 11319 | D:11     | Noticed a green ugly thing
 11325 | D:11     | Killed a green ugly thing
 11333 | D:11     | Identified the ring "Souwk" {rF++ MP+9} (You found it on
                  | level 10 of the Dungeon)
 12820 | D:9      | Found a staircase to the Lair.
 12925 | D:9      | Found a snail-covered altar of Cheibriados.
 13041 | D:9      | Noticed a two-headed ogre
 13050 | D:9      | Killed a two-headed ogre
 13059 | D:9      | Reached skill level 13 in Unarmed Combat
 13165 | Orc:1    | Entered Level 1 of the Orcish Mines
 13197 | Orc:1    | Noticed an orc sorcerer
 13431 | Orc:1    | Killed an orc sorcerer
 13557 | Orc:1    | Reached skill level 5 in Fighting
 13990 | Lair:1   | Entered Level 1 of the Lair of Beasts
 14071 | Lair:1   | Noticed a four-headed hydra
 14081 | Lair:1   | Gained mutation: You have hoof-like feet. [demonic
                  | ancestry]
 14081 | Lair:1   | Reached XP level 12. HP: 86/86 MP: 19/19
 14088 | Lair:1   | Killed a four-headed hydra
 14379 | Lair:1   | Noticed an eight-headed hydra
 14384 | Lair:1   | Noticed a cacodemon
 14627 | Lair:1   | Got a steaming robe
 14638 | Lair:1   | Identified the +1 robe of Trog's Regard {rC+ MR+} (You
                  | found it on level 1 of the Lair of Beasts)
 15136 | Lair:1   | Killed an eight-headed hydra
 15675 | Lair:2   | Noticed Gastronok
 15698 | Lair:2   | Killed Gastronok
 16511 | Lair:2   | Found a staircase to the Shoals.
 17235 | Lair:3   | Noticed a death yak
 17268 | Lair:3   | Killed a death yak
 17268 | Lair:3   | Reached skill level 14 in Unarmed Combat
 17425 | Lair:3   | Reached skill level 5 in Slings
 17615 | Lair:3   | Noticed an eight-headed hydra
 17621 | Lair:3   | Killed an eight-headed hydra
 17621 | Lair:3   | Reached XP level 13. HP: 70/95 MP: 21/21
 18147 | Orc:2    | Entered Level 2 of the Orcish Mines
 18556 | Orc:2    | Noticed Rupert
 18577 | Orc:2    | Killed Rupert
 19492 | Orc:2    | Found Sonnisur's Distillery.
 19749 | Orc:2    | Noticed Erolcha
 19764 | Orc:2    | HP: 1/96 [Erolcha/crystal spear (43)]
 19765 | Orc:2    | Demolished by Erolcha

Skill      XL: |  1  2  3  4  5  6  7  8  9 10 11 12 13 |
---------------+----------------------------------------+-----
Unarmed Combat | 3 4 5 6 8 9 11 12 13 14 | 14.4
Invocations    | 2 3 5 7 9 10 11 12 | 12.0
Shields        | 1 4 5 7 8 |  8.4
Dodging        | 3 |  3.6
Armour         | 1 2 |  2.2
Fighting       | 5 6 7 |  7.1
Slings         | 3 5 |  5.6
Throwing       | |  1.7

Action                   |  1- 3 |  4- 6 |  7- 9 | 10-12 | 13-15 || total
-------------------------+-------+-------+-------+-------+-------++-------
Melee: Unarmed           |   154 |   229 |   376 |   688 |   203 ||  1650
       Punch             |       |     5 |     4 |       |       ||     9
       Kick              |       |    26 |   112 |    59 |       ||   197
 Fire: Fustibalus        |       |       |       |     3 |       ||     3
Invok: Minor Destruction |       |       |     1 |    28 |     8 ||    37
       Major Destruction |       |       |       |     8 |     4 ||    12
       Lesser Servant of |       |       |       |     5 |       ||     5
       Greater Servant o |       |       |       |     1 |       ||     1
  Use: Scroll            |       |    10 |     9 |     9 |       ||    28
       Potion            |       |       |     1 |     2 |       ||     3
 Stab: Sleeping          |     8 |    10 |     1 |       |       ||    19
       Distracted        |     1 |       |       |       |       ||     1
  Eat: Chunk             |     2 |     9 |    17 |    26 |     7 ||    61
       Ration            |       |       |       |     1 |       ||     1
Armor: Leather armour    |    50 |    53 |    11 |       |       ||   114
       Ring mail         |       |       |    38 |       |       ||    38
       Scale mail        |       |       |    67 |   235 |    39 ||   341
Dodge: Dodged            |    93 |   103 |   101 |   116 |    24 ||   437
Block: Large shield      |       |       |   127 |   414 |   123 ||   664
